 Dungeon Crawl Stone Soup version 0.30-a0-870-gc5d4c5acee (webtiles) character file.

Game seed: 5713799141095677390

1753735 oldriver the Invulnerable (level 27, 168/199 HPs)
             Began as a Gargoyle Fighter on Mar 11, 2023.
             Was the Champion of the Shining One.
             Escaped with the Orb
             ... and 3 runes!
             The game lasted 02:18:06 (65347 turns).

oldriver the Invulnerable (Gargoyle Fighter)       Turns: 65347, Time: 02:18:08

Health: 168/199    AC: 86    Str: 39    XL:     27
Magic:  36/36      EV: 12    Int: 14    God:    the Shining One [******]
Gold:   3165       SH: 12    Dex:  8    Spells: 26/26 levels left

rFire   + + .      SeeInvis +    a - +9 broad axe (heavy)
rCold   + + .      Faith    .    Z - +3 buckler of the Sneaky Friends {rC+ Str+4 Dex+2}
rNeg    + + +      Spirit   .    e - +16 crystal plate armour of Tenacity {Str-4 Int+4 SInv}
rPois   ∞          Reflect  .    h - -1 helmet of Ru's Indignation {rCorr}
rElec   +          Rampage  .    K - +4 dragonskin cloak
rCorr   +                        g - +2 pair of gloves {Str+3}
Will    +++..                    t - +2 pair of boots Stlth
                                 W - amulet of regeneration
HPRegen 1.33/turn                E - ring of willpower
MPRegen 0.25/turn                u - ring of protection from fire

@: mighty, resistant, marked, flying, hasted, glowing, studying 2 skills, very
quick
A: sickness immunity, AC +20, big wings, negative energy resistance 1,
electricity resistance, torment resistance 1, petrification resistance,
iridescent scales 1, clumsy 1, shaggy fur 1, strong 1
0: Orb of Zot
}: 3/15 runes: decaying, serpentine, silver
a: Renounce Religion, Divine Shield, Cleansing Flame, Summon Divine Warrior,
Brand Weapon With Holy Wrath


You escaped.
You worshipped the Shining One.
The Shining One was exalted by your worship.
You visited 12 branches of the dungeon, and saw 52 of its levels.
You visited the Abyss 1 time.
You also visited: Wizlab.

You collected 7074 gold pieces.
You spent 3890 gold pieces at shops.
You donated 19 gold pieces to Zin.

Inventory:

Hand Weapons
 a - a +9 heavy broad axe (weapon)
 b - a +2 heavy flail
Missiles
 i - 2 throwing nets
 q - 11 boomerangs (quivered)
 M - 18 curare-tipped darts
 S - 11 javelins
 T - 5 silver javelins
Armour
 e - the +16 crystal plate armour of Tenacity (worn) {Str-4 Int+4 SInv}
   (You took it off a vault guard on level 5 of the Vaults)

   Str:       It affects your strength (-4).
   Int:       It affects your intelligence (+4).
   SInv:      It lets you see invisible.
 g - a +2 pair of gloves of strength (worn)
 h - the -1 helmet of Ru's Indignation (worn) {rCorr}
   (You found it on level 4 of the Dungeon)

   rCorr:     It protects you from acid and corrosion.
 t - a +2 pair of boots (worn)
 K - the +4 dragonskin cloak (worn)
   (You took it off Tiamat on level 2 of the Realm of Zot)

   Avatar's Aegis: It grants the wearer a chance to resist fire, cold, poison,
   electricity, acid, and negative energy.
 Z - the +3 buckler of the Sneaky Friends (worn) {rC+ Str+4 Dex+2}
   (You found it on level 3 of the Snake Pit)

   Str:       It affects your strength (+4).
   Dex:       It affects your dexterity (+2).
   rC:        It protects you from cold.
Jewellery
 o - the ring "Niacw" {Ice rCorr Slay+3 Stlth+}
   (You found it on level 3 of the Dungeon)

   [ring of ice]

   It enhances your ice magic.
   Slay:      It affects your accuracy & damage with ranged weapons and melee
   (+3).
   rF:        It makes you vulnerable to fire.
   rC:        It protects you from cold.
   rCorr:     It protects you from acid and corrosion.
   Stlth:     It makes you more stealthy.
 p - the ring of Vuatoff {Fire rN+ Str+5 Int-4}
   (You took it off an ironbound convoker on level 5 of the Vaults)

   [ring of fire]

   It enhances your fire magic.
   Str:       It affects your strength (+5).
   Int:       It affects your intelligence (-4).
   rF:        It protects you from fire.
   rC:        It makes you vulnerable to cold.
   rN:        It protects you from negative energy.
 u - a ring of protection from fire (right hand)
 B - the ring of the Tortoise {AC+8}
   (You took it off a deep elf sorcerer on level 3 of the Elven Halls)

   [ring of protection]

   AC:        It affects your AC (+8).
 E - a ring of willpower (left hand)
 W - an amulet of regeneration (around neck)
 Y - the ring "Okulih" {rN+ rCorr MP+9 SInv}
   (You found it on level 1 of the Vaults)

   [ring of see invisible]

   rN:        It protects you from negative energy.
   MP:        It affects your magic capacity (+9).
   SInv:      It lets you see invisible.
   rCorr:     It protects you from acid and corrosion.
Wands
 y - a wand of digging (11)
 C - a wand of roots (54)
 I - a wand of light (7)
 Q - a wand of mindburst (28)
 V - a wand of charming (33)
Scrolls
 c - 9 scrolls of blinking
 f - 11 scrolls of magic mapping
 k - 2 scrolls of butterflies
 x - 19 scrolls of teleportation
 z - 4 scrolls of enchant armour
 G - 10 scrolls of poison
 N - 8 scrolls of fog
 O - 2 scrolls of enchant weapon
 P - 38 scrolls of identify
 R - 3 scrolls of silence
 X - 7 scrolls of fear
Potions
 d - 3 potions of might
 j - 4 potions of mutation
 m - 2 potions of berserk rage
 s - 6 potions of heal wounds
 v - 10 potions of cancellation
 w - 3 potions of ambrosia
 D - a potion of resistance
 F - 19 potions of curing
 H - 4 potions of haste
 J - 2 potions of brilliance
Miscellaneous
 n - a tin of tremorstones (2/2)
 r - a lightning rod (4/4)
 U - a phantom mirror


   Skills:
 O Level 27 Fighting
 - Level 19.9(20.0) Axes
 - Level 2.4(14.4) Maces & Flails
 - Level 14.0 Throwing
 O Level 27 Armour
 - Level 12.0 Dodging
 - Level 22.0 Shields
 + Level 19.1 Invocations
 - Level 10.0 Evocations


You had 26 spell levels left.
You didn't know any spells.
Your spell library contained the following spells:

 Spells                   Type           Power      Damage    Failure   Level
 Beastly Appendage        Tmut           0%         N/A       73%         1
 Magic Dart               Conj           0%         1d3       73%         1
 Shock                    Conj/Air       0%         1d3       73%         1
 Sting                    Tmut/Pois      0%         1d3       73%         1
 Summon Small Mammal      Summ           0%         N/A       73%         1
 Blink                    Tloc           0%         N/A       86%         2
 Ensorcelled Hibernation  Hex/Ice        0%         N/A       86%         2
 Lesser Beckoning         Tloc           0%         N/A       86%         2
 Momentum Strike          Conj/Tloc      0%         3d8       86%         2
 Passwall                 Tmut/Erth      0%         N/A       86%         2
 Poisonous Vapours        Pois/Air       0%         N/A       86%         2
 Scorch                   Fire           0%         2d5       86%         2
 Searing Ray              Conj           0%         2d4       86%         2
 Static Discharge         Conj/Air       0%         2-2/arc   86%         2
 Confusing Touch          Hex            0%         N/A       97%         3
 Dazzling Flash           Conj/Hex       0%         N/A       97%         3
 Frozen Ramparts          Ice            0%         1d1       97%         3
 Gell's Gravitas          Tloc           0%         N/A       97%         3
 Inner Flame              Hex/Fire       0%         N/A       97%         3
 Kindle Blastsparks       Fire/Tloc/Air  0%         2d10      97%         3
 Mephitic Cloud           Conj/Pois/Air  0%         N/A       97%         3
 Ozocubu's Armour         Ice            0%         N/A       97%         3
 Portal Projectile        Hex/Tloc       0%         N/A       97%         3
 Spider Form              Tmut/Pois      0%         N/A       97%         3
 Summon Guardian Golem    Hex/Summ       0%         N/A       97%         3
 Swiftness                Air            0%         N/A       97%         3
 Teleport Other           Tloc           0%         N/A       97%         3
 Tukima's Dance           Hex            0%         N/A       97%         3
 Vhi's Electric Charge    Tloc/Air       0%         N/A       97%         3
 Airstrike                Air            0%         2d(0-16)  100%        4
 Anguish                  Hex/Necr       0%         N/A       100%        4
 Animate Dead             Necr           0%         N/A       100%        4
 Cause Fear               Hex            0%         N/A       100%        4
 Flame Wave               Conj/Fire      0%         2d4       100%        4
 Fulminant Prism          Conj/Hex       0%         3d5       100%        4
 Ice Form                 Ice/Tmut       0%         N/A       100%        4
 Iskenderun's Mystic Bla  Conj/Tloc      0%         2d3       100%        4
 Manifold Assault         Tloc           0%         N/A       100%        4
 Olgreb's Toxic Radiance  Pois           0%         N/A       100%        4
 Passage of Golubria      Tloc           0%         N/A       100%        4
 Petrify                  Tmut/Erth      0%         N/A       100%        4
 Summon Ice Beast         Ice/Summ       0%         N/A       100%        4
 Summon Lightning Spire   Summ/Air       0%         N/A       100%        4
 Agony                    Necr           0%         N/A       100%        5
 Arcjolt                  Conj/Air       0%         1d10      100%        5
 Blade Hands              Tmut           0%         N/A       100%        5
 Borgnjor's Vile Clutch   Necr/Erth      0%         N/A       100%        5
 Irradiate                Conj/Tmut      0%         3d11      100%        5
 Iskenderun's Battlesphe  Conj           0%         2d6       100%        5
 Lee's Rapid Deconstruct  Erth           0%         3d4*      100%        5
 Lightning Bolt           Conj/Air       0%         1d11      100%        5
 Metabolic Englaciation   Hex/Ice        0%         N/A       100%        5
 Silence                  Hex/Air        0%         N/A       100%        5
 Summon Mana Viper        Hex/Summ       0%         N/A       100%        5
 Yara's Violent Unravell  Hex/Tmut       0%         3d3       100%        5
 Death Channel            Necr           0%         N/A       100%        6
 Dispersal                Tloc           0%         N/A       100%        6
 Eringya's Noxious Bog    Tmut/Pois      0%         N/A       100%        6
 Iron Shot                Conj/Erth      0%         9d1       100%        6
 Simulacrum               Ice/Necr       0%         N/A       100%        6
 Starburst                Conj/Fire      0%         6d3       100%        6
 Summon Cactus Giant      Summ           0%         N/A       100%        6
 Enfeeble                 Hex            0%         N/A       100%        7
 Monstrous Menagerie      Summ           0%         N/A       100%        7
 Orb of Destruction       Conj           0%         9d5       100%        7
 Ozocubu's Refrigeration  Ice            0%         4d7       100%        7
 Spellforged Servitor     Conj/Summ      0%         N/A       100%        7
 Storm Form               Tmut/Air       0%         N/A       100%        7
 Discord                  Hex            0%         N/A       100%        8
 Ignition                 Fire           0%         3d3       100%        8
 Fire Storm               Conj/Fire      0%         5d1       100%        9
 Cigotuvi's Dreadful Rot  Necr/Pois/Air  Unusable   N/A       N/A         2
 Sublimation of Blood     Necr           Unusable   N/A       N/A         2
 Statue Form              Tmut/Erth      Unusable   N/A       N/A         6

Dungeon Overview and Level Annotations

Branches:
Dungeon (15/15)            Temple (1/1) D:5            Lair (5/5) D:9
  Swamp (4/4) Lair:3        Snake (4/4) Lair:2        Slime (0/5) Lair:5
    Orc (2/2) D:11            Elf (3/3) Orc:2        Vaults (5/5) D:13
  Crypt (3/3) Vaults:2       Tomb (0/3) Crypt:3      Depths (4/4) D:15
   Hell (visited)             Dis (0/7) Hell            Zot (5/5) Depths:4
 WizLab (visited)
    Geh: Hell:1         Coc: Hell:1         Tar: Hell:1

Altars:
Ashenzari
Cheibriados
Dithmenos
Elyvilon
Fedhas
Gozag
Hepliaklqana
Kikubaaqudgha
Makhleb
Nemelex Xobeh
Okawaru
Qazlal
Ru
Sif Muna
Trog
Uskayaw
Vehumet
Xom
Yredelemnul
Zin
The Shining One
Jiyva
Lugonu

Shops:
D:3 :   D:7 *   D:9 (   D:14 [   Orc:2 (:*:   Elf:1 (   Snake:2 :   Snake:3 (
Vaults:1 :   Vaults:2 :   Vaults:5 ?!?   Depths:1 ??   Depths:4 (

Portals:
Hell: Depths:1 Depths:2 Depths:3 Depths:4
Abyss: D:14 Lair:5 Depths:1 Depths:2 Depths:3
Pandemonium: Depths:2 Depths:4
Ziggurat: Depths:3

Annotations:
D:4 2 transporters, Dittersdorf's ghost, amateur GrFi
D:9 1 runed translucent door, holysushi's ghost, novice OpMo
D:14 2 transporters, Rudyous's ghost, journeyman MiFi
Lair:4 1 runed translucent door, Veudom's ghost, journeyman BaHu
Orc:2 1 runed translucent door, iguanaiguana's ghost, journeyman AtIE
Elf:1 1 runed translucent door
Elf:2 5 runed translucent doors, Roxanne
Hell exclusion: ice statue
Zot:3 1 runed translucent door, Qaniympis's ghost, veteran DgEE


Innate Abilities, Weirdness & Mutations

You are immune to sickness and miasma.
Your stone body is resilient. (AC +20)
You are immune to poison.
Your large and strong wings let you fly.
You resist negative energy. (rN+)
You are resistant to electric shocks. (rElec)
You are resistant to unholy torment.
You are immune to petrification.
You are partially covered in iridescent scales. (AC +2)
You are clumsy. (Dex -2)
You are covered in fur. (AC +1)
Your muscles are strong. (Str +4, Int/Dex -1)


Message History

You carve Huckoatu like a ham!!!
Huckoatu is heavily wounded.
Huckoatu gestures at you.
You barely resist.
Your daeva hits Huckoatu but does no damage. x2
Huckoatu gestures at you.
The blast of poison engulfs you but does no damage.
You resist.
You slice Huckoatu!!
Huckoatu is heavily wounded.
Huckoatu gestures at you. The crystal spear hits you!!
Your daeva hits Huckoatu with a +2 scimitar of holy wrath.
Huckoatu convulses!
Your daeva hits Huckoatu with a +2 scimitar of holy wrath!
Huckoatu convulses!
You feel yourself speed up. Huckoatu gestures at you.
A sentinel's mark forms upon you.
Your daeva calls down the wrath of the Shining One upon Huckoatu.
Huckoatu is smitten.
Unknown command.
You hit Huckoatu.
Huckoatu is almost dead.
Huckoatu gestures at you. The crystal spear hits you!!
You feel protected.
Your daeva hits Huckoatu with a +2 scimitar of holy wrath!
Huckoatu convulses.
Your daeva hits Huckoatu but does no damage.
Huckoatu hits you but does no damage.
You feel much better.
Unknown command.
You open Huckoatu like a pillowcase!!!
You kill Huckoatu!
The Shining One accepts your kill.
You feel better.
You feel your power returning.
There is an open door here.
There is a staircase leading out of the dungeon here.
You have escaped!

#.# #.# ##...## ###.# #.####
##.....## ##.#.# ####.##.##
##.......## #....#####........#
##.........##
............####'####'.........+.
#....#####.##.......##.........##
##.#.# #.##.8.8.8.###.......##
###.# #.##.......####.....## #.#
#..+.8.@.8.')###...## #.#
#..#.......#.####'## #.#
####.8.8.8.#......# #.#
#.......#####..# #.# ####A####
#..###### #.# #.#.######.......#
####.# #...A..##.....##.# .....#
###.##.###........ #.#######
#.#...##...###.#


You could see a friendly daeva (summoned).

Vanquished Creatures
  6 dread liches
  Tiamat (Zot:2)
  4 ancient liches
  7 orbs of fire (Zot:5)
  A pandemonium lord (D:1)
  the Lernaean hydra (Swamp:4)
  Vashnia (Snake:4)
  7 Killer Klowns (Zot:5)
  Margery (Depths:2)
  2 curse toes
  12 golden dragons
  4 caustic shrikes (Depths:4)
  Geryon (Hell)
  3 bone dragons
  A Brimstone Fiend (Depths:1)
  4 electric golems
  A shard shrike zombie (Crypt:3)
  12 tentacled monstrosities
  3 doom hounds
  A hellephant (Depths:1)
  A Hell Sentinel (D:12)
  27 Orb Guardians
  Zenata (Crypt:1)
  2 titans (Vaults:5)
  2 deep elf master archers
  2 deep elf blademasters (Elf:3)
  12 quicksilver dragons
  15 death cobs
  An Executioner (Zot:1)
  Murray (Depths:1)
  5 sphinxes
  Kirke (D:15)
  2 ancient champions
  Frances (Swamp:2)
  11 storm dragons
  A thorn hunter (Swamp:3)
  11 shadow dragons
  9 tengu reavers
  13 draconian monks
  2 revenants
  7 fire giants
  4 nagarajas
  10 frost giants
  6 iron dragons
  16 draconian knights
  6 deep elf sorcerers
  11 vault wardens
  8 draconian scorchers
  3 ghost moths
  A juggernaut zombie (Crypt:3)
  A curse skull (Crypt:2)
  Aizul (Elf:2)
  2 spriggan defenders
  5 ghouls (Crypt:3)
  3 orc warlords
  4 draconian stormcallers
  6 draconian shifters
  5 reapers
  7 draconian annihilators
  17 stone giants
  5 grey draconians (Zot:3)
  A caustic shrike skeleton (Crypt:2)
  8 eleionomae
  6 war gargoyles
  3 deep elf elementalists (Elf:3)
  16 very ugly things
  23 ironbound preservers
  14 green draconians
  9 ironbound thunderhulks
  18 black draconians
  3 lorocyprocas
  2 putrid mouths (Depths:1)
  13 white draconians
  8 deep elf demonologists
  24 vampire knights
  12 yellow draconians
  6 bunyips
  14 purple draconians
  6 spark wasps
  15 dire elephants
  17 deep elf annihilators
  11 red draconians
  An iron golem (Depths:1)
  5 eidola
  7 ettins
  11 fire dragons
  An entropy weaver (Vaults:2)
  11 yaktaur captains
  8 deep elf death magi
  A green death (Hell)
  5 crystal guardians
  Josephine (D:15)
  7 deep elf high priests
  3 great orbs of eyes
  7 ice dragons
  7 jiangshi
  A spriggan zombie (Crypt:3)
  19 hydras
  2 salamander tyrants
  6 rakshasas
  40 vault guards
  5 spriggan air magi
  3 peacekeepers
  8 ironbound frosthearts
  A caustic shrike simulacrum (Hell)
  2 ghost crabs
  7 ogre magi
  2 catoblepae
  2 boulder beetles
  8 anacondas
  3 death knights
  9 vampire magi
  16 dancing weapons
  5 death yaks (Lair:5)
  6 alligators
  10 naga warriors
  15 two-headed ogres
  8 deep troll earth magi
  5 tengu warriors
  24 centaur warriors
  3 thrashing horrors (Lair:5)
  4 spriggan berserkers
  Urug (Lair:3)
  12 hell knights
  9 deep troll shamans
  A quicksilver ooze zombie (Crypt:3)
  A shock serpent (shapeshifter) (Depths:4)
  22 naga sharpshooters
  6 shock serpents
  Sonja (Lair:2)
  2 storm dragon zombies
  27 skeletal warriors
  A skyshark (Lair:5)
  19 deep elf knights
  6 sun demons
  5 soul eaters
  57 deep trolls
  3 shadow wraiths
  3 spriggan druids
  6 goliath frogs
  3 salamander mystics
  A bunyip zombie (Crypt:2)
  8 iron trolls
  An anaconda zombie (Crypt:3)
  7 flayed ghosts
  14 swamp dragons
  8 naga ritualists
  11 deep elf archers
  17 bog bodies
  25 phantasmal warriors
  The ghost of bande the Chopper, a novice GrFi of Okawaru (D:7)
  8 lindwurms
  11 wizards
  17 ironbound convokers
  2 storm dragon skeletons
  9 harpies
  8 orc knights
  An iron dragon zombie (Crypt:3)
  26 deep elf zephyrmancers
  9 necromancers
  27 deep elf pyromancers
  21 mana vipers
  3 orc sorcerers
  A tengu skeleton (Vaults:2)
  A stone giant zombie (Crypt:3)
  A manticore (D:14)
  7 will-o-the-wisps
  A shadow dragon skeleton (Crypt:3)
  A centaur zombie (Crypt:3)
  39 ugly things
  8 cyclopes
  13 vault sentinels
  25 black mambas
  15 salamanders
  23 elephants
  Maurice (D:9)
  10 guardian serpents
  26 moths of wrath
  Joseph (D:10)
  A fire giant skeleton (Vaults:2)
  A black mamba (shapeshifter) (Lair:5)
  18 naga magi
  A molten gargoyle (Hell)
  A rust devil (Hell)
  A demonic crawler (Hell)
  A naga zombie (Crypt:3)
  13 cane toads
  A cane toad (shapeshifter) (Elf:2)
  3 smoke demons
  An eye of devastation (shapeshifter) (Vaults:1)
  13 large abominations
  A gargoyle (D:10)
  An alligator snapping turtle zombie (Crypt:3)
  A dire elephant skeleton (Hell)
  3 hellions
  A rime drake (Lair:5)
  2 kobold demonologists (D:11)
  An unseen horror (Depths:3)
  2 elf skeletons (Vaults:2)
  An efreet (D:13)
  10 komodo dragons
  2 tormentors
  4 tengu conjurers
  5 freezing wraiths
  A komodo dragon (shapeshifter) (D:13)
  34 yaktaurs
  An unseen horror skeleton (Crypt:3)
  2 harpy zombies
  A mana viper zombie (Crypt:1)
  A catoblepas skeleton (Crypt:2)
  8 ice devils
  8 trolls
  5 yaktaur skeletons (Vaults:2)
  6 meliai (D:15)
  An ancient zyme (Lair:5)
  A bloated husk (Swamp:1)
  A sea snake skeleton (Crypt:2)
  Grinder (D:6)
  8 tyrant leeches
  A radroach zombie (Crypt:1)
  3 red devils (Hell)
  2 hornets
  3 polar bears
  17 blink frogs (Lair:5)
  A mana viper skeleton (Crypt:3)
  Prince Ribbit (D:6)
  An alligator zombie (Hell)
  2 jumping spiders (Vaults:2)
  A snapping turtle (shapeshifter) (Vaults:5)
  47 slime creatures
  An air elemental (Elf:2)
  A centaur simulacrum (D:15)
  An alligator skeleton (Hell)
  15 wraiths
  13 water elementals
  An ettin skeleton (Vaults:2)
  6 wyverns
  Eustachio (D:4)
  A hog (shapeshifter) (Lair:5)
  54 yaks
  2 hogs (D:15)
  7 spriggans
  A wind drake skeleton (Crypt:1)
  5 basilisks
  5 fire elementals
  A redback (Vaults:2)
  6 chaos spawn
  A redback (shapeshifter) (Lair:5)
  2 steam dragons (D:8)
  13 vampire mosquitoes
  A fire bat zombie (Crypt:1)
  5 wargs
  58 nagas
  13 swamp worms
  An acid dragon (D:12)
  A hydra simulacrum (Hell)
  A deep troll skeleton (Crypt:3)
  5 hell hounds (Hell)
  10 swamp drakes
  12 water moccasins
  2 glowing shapeshifter skeletons (Vaults:2)
  2 ice beasts
  A sky beast (D:6)
  12 orc warriors
  A black bear (shapeshifter) (Elf:1)
  2 black bears
  27 ogres
  21 wolves
  A dream sheep zombie (Crypt:2)
  4 human skeletons (Vaults:2)
  20 centaurs
  2 kobold brigands
  A phantom (D:3)
  4 elf zombies (Elf:1)
  8 bullfrogs
  5 scorpions
  A necrophage (Crypt:3)
  5 earth elementals
  A komodo dragon skeleton (Crypt:3)
  A gnoll sergeant (D:9)
  17 wights
  4 howler monkeys
  A troll skeleton (Crypt:2)
  2 hounds
  9 orc priests
  2 bullfrog skeletons (Crypt:2)
  3 jellies
  A gnoll bouda (D:8)
  A boggart zombie (Crypt:1)
  2 sleepcaps
  3 iguanas
  22 orc wizards
  A scorpion zombie (Crypt:1)
  22 hell rats
  13 small abominations
  A killer bee zombie (Crypt:1)
  A deep dwarf zombie (Crypt:3)
  A hound zombie (Crypt:2)
  7 gnolls
  4 river rats (Lair:4)
  7 adders
  A swamp drake zombie (Crypt:1)
  A shadow imp (D:8)
  A steam dragon skeleton (Crypt:1)
  A white imp (D:6)
  2 worms
  3 dart slugs
  61 orcs
  An orc (shapeshifter) (Vaults:5)
  4 ball pythons
  A bat skeleton (Crypt:1)
  9 endoplasms
  3 giant cockroaches
  8 hobgoblins
  17 kobolds
  3 quokkas
  2 bats (D:1)
  2 frilled lizards (D:2)
  2 goblins (D:1)
  A quokka skeleton (Crypt:1)
  13 rats
  2 briar patches (Swamp:3)
  A bush (Lair:5)
2307 creatures vanquished.

Vanquished Creatures (collateral kills)
  Head Instructor (WizLab)
  A draconian scorcher (Zot:2)
  A naga ritualist (Snake:4)
  A moth of wrath (Zot:2)
  A black mamba (Snake:4)
5 creatures vanquished.

Vanquished Creatures (others)
  A fire giant (Depths:2)
  A yellow draconian (Zot:1)
  A goliath frog (Swamp:4)
  A deep elf zephyrmancer (Elf:1)
  A naga mage (Snake:1)
  2 bloated husks
  A human (D:15)
  A naga (Snake:4)
  A hell rat (Hell)
  An orc (Orc:2)
  40 foxfires
  34 fungi
  50 plants
135 creatures vanquished.

Grand Total: 2447 creatures vanquished

Notes
Turn   | Place    | Note
-------+----------+-------------------------------------------
     0 | D:1      | oldriver the Gargoyle Fighter began the quest for the Orb.
     0 | D:1      | Reached XP level 1. HP: 14/14 MP: 1/1
   155 | D:1      | Reached XP level 2. HP: 19/19 MP: 2/2
   581 | D:1      | Reached skill level 1 in Maces & Flails
   738 | D:1      | Reached XP level 3. HP: 21/24 MP: 3/3
  1625 | D:2      | Reached XP level 4. HP: 29/29 MP: 4/4
  1961 | D:3      | Found Aluvipp's Book Shop.
  2033 | D:3      | Gained mutation: Armour fits poorly on your strangely
                  | shaped body. [potion of mutation]
  2033 | D:3      | Gained mutation: Your mind is acute. (Int +4, Str/Dex -1)
                  | [potion of mutation]
  2033 | D:3      | Gained mutation: You have a somewhat thin skeletal
                  | structure. (Dex +2, Stealth+) [potion of mutation]
  2041 | D:3      | Reached skill level 5 in Fighting
  2041 | D:3      | Reached XP level 5. HP: 33/35 MP: 5/5
  2189 | D:3      | Identified the ring "Niacw" {Ice rCorr Slay+3 Stlth+}
  2623 | D:4      | Noticed a phantom
  2669 | D:4      | Noticed an ogre
  2682 | D:3      | Killed a phantom
  2683 | D:3      | Reached XP level 6. HP: 37/41 MP: 6/6
  3033 | D:4      | Found a transporter.
  3036 | D:4      | Identified the +7 halberd "Duiguuph" {elec, rN+ Int+3 SInv}
  3070 | D:4      | Identified the -1 helmet of Ru's Indignation {rCorr}
  3081 | D:4      | Noticed Eustachio
  3134 | D:4      | Killed Eustachio
  3135 | D:4      | Reached XP level 7. HP: 12/47 MP: 7/7
  3342 | D:4      | Found a transporter.
  3381 | D:4      | Noticed Dittersdorf's ghost (amateur GrFi)
  3537 | D:5      | Entered Level 5 of the Dungeon
  3575 | D:5      | Reached skill level 5 in Axes
  3741 | D:5      | Reached XP level 8. HP: 46/52 MP: 8/8
  4127 | D:5      | Found a staircase to the Ecumenical Temple.
  4147 | Temple   | Entered the Ecumenical Temple
  4275 | Temple   | Became a worshipper of Zin the Law-Giver
  4275 | Temple   | Reached * piety under Zin
  4556 | D:6      | Found a glowing golden altar of the Shining One.
  4568 | D:6      | Fell from the grace of Zin
  4568 | D:6      | Became a worshipper of the Shining One
  4788 | D:6      | Noticed Grinder
  4809 | D:6      | Killed Grinder
  4810 | D:6      | Reached XP level 9. HP: 54/57 MP: 9/9
  5383 | D:7      | Noticed Prince Ribbit
  5411 | D:6      | Killed Prince Ribbit
  5587 | D:7      | Reached skill level 1 in Invocations
  5612 | D:7      | Reached skill level 5 in Armour
  5709 | D:7      | Found a runed translucent gate.
  5709 | D:7      | Found a runed translucent gate.
  5709 | D:7      | Found a runed translucent gate.
  5709 | D:7      | Noticed bande's ghost (novice GrFi)
  5795 | D:7      | Found Hevumo's Assorted Antiques.
  5798 | D:7      | Bought an amethyst potion for 16 gold pieces
  5798 | D:7      | Bought an ivory ring for 90 gold pieces
  5798 | D:7      | Bought an amethyst potion for 16 gold pieces
  5836 | D:7      | Reached * piety under the Shining One
  6009 | D:7      | Identified the ring "Caaxyowk" {rF- EV+5 Int+3}
  6119 | D:7      | Reached XP level 10. HP: 64/64 MP: 11/11
  6274 | D:8      | Reached skill level 10 in Axes
  6961 | D:9      | Found Pufait's Weapon Shoppe.
  6970 | D:9      | Bought 4 poisoned darts for 28 gold pieces
  7110 | D:9      | Found a staircase to the Lair.
  7170 | D:9      | Reached ** piety under the Shining One
  7239 | D:9      | Found a runed translucent door.
  7239 | D:9      | Found a shimmering altar of Xom.
  7239 | D:9      | Noticed a +2 flail of chaos
  7239 | D:9      | Noticed holysushi's ghost (novice OpMo)
  7704 | D:9      | Noticed Maurice
  7727 | D:9      | Killed Maurice
  7728 | D:9      | Reached XP level 11. HP: 17/71 MP: 14/14
  8264 | Lair:1   | Entered Level 1 of the Lair of Beasts
  8464 | Lair:1   | Reached skill level 10 in Fighting
  8982 | Lair:1   | Identified the +2 chain mail of Liguesis {Harm rF+ rC+}
  9860 | Lair:2   | Noticed an eight-headed hydra
  9876 | Lair:2   | Killed an eight-headed hydra
 10107 | Lair:2   | Reached XP level 12. HP: 53/80 MP: 15/15
 10189 | Lair:2   | Noticed Sonja
 10210 | Lair:2   | Killed Sonja
 10601 | Lair:2   | Found a staircase to the Snake Pit.
 10769 | Lair:2   | Reached skill level 10 in Armour
 10780 | Lair:2   | Reached *** piety under the Shining One
 10801 | Lair:2   | Reached skill level 1 in Throwing
 10809 | Lair:2   | Reached skill level 1 in Dodging
 11227 | Lair:3   | Reached skill level 5 in Invocations
 11523 | Lair:3   | Found a staircase to the Swamp.
 11545 | Lair:3   | Noticed Urug
 11600 | Lair:3   | Killed Urug
 12585 | Lair:4   | Reached XP level 13. HP: 64/87 MP: 17/17
 13462 | Lair:4   | Found a runed translucent door.
 13462 | Lair:4   | Found a shimmering altar of Xom.
 13462 | Lair:4   | Noticed Veudom's ghost (journeyman BaHu)
 13462 | Lair:4   | Reached **** piety under the Shining One
 13693 | Lair:5   | Entered Level 5 of the Lair of Beasts
 14646 | Lair:5   | Found a viscous altar of Jiyva.
 14800 | Lair:5   | Gained mutation: Your large and strong wings let you fly.
                  | [Gargoyle growth]
 14800 | Lair:5   | Reached XP level 14. HP: 61/96 MP: 18/20
 14931 | Lair:5   | Found a staircase to the Slime Pits.
 15726 | Lair:5   | Found a corrupted altar of Lugonu.
 15726 | Lair:5   | Found a one-way gate to the infinite horrors of the Abyss.
 15735 | Lair:5   | Reached skill level 10 in Invocations
 15976 | D:10     | Entered Level 10 of the Dungeon
 16771 | D:10     | Noticed Joseph
 16806 | D:10     | Killed Joseph
 16807 | D:10     | Reached skill level 15 in Fighting
 17330 | D:11     | Reached ***** piety under the Shining One
 17573 | D:11     | Found a staircase to the Orcish Mines.
 18463 | Orc:1    | Entered Level 1 of the Orcish Mines
 18463 | Orc:1    | Noticed an orc warlord
 18495 | D:11     | Killed an orc warlord
 18578 | Orc:1    | You are sucked into a shaft and drop 1 floor!
 18578 | Orc:2    | Entered Level 2 of the Orcish Mines
 18578 | Orc:2    | Found Futionk's Book Boutique.
 18578 | Orc:2    | Found Watrok's Book Shop.
 18578 | Orc:2    | Found Uqucwich's Weapon Boutique.
 18578 | Orc:2    | Found Gatomair's General Store.
 18595 | Orc:2    | Reached XP level 15. HP: 46/104 MP: 22/22
 18713 | Orc:2    | Reached skill level 15 in Axes
 18809 | Orc:2    | Found a staircase to the Elven Halls.
 19157 | Orc:2    | Found a runed translucent door.
 19157 | Orc:2    | Noticed iguanaiguana's ghost (journeyman AtIE)
 19941 | D:7      | Killed bande's ghost
 20110 | Snake:1  | Entered Level 1 of the Snake Pit
 20526 | D:3      | Bought a manual of Armour for 1040 gold pieces
 21306 | Snake:1  | Identified the +1 leather armour of the Manifold Hells
                  | {Harm rPois Int-5}
 22219 | Snake:2  | Reached XP level 16. HP: 93/112 MP: 24/24
 22778 | Snake:2  | Reached skill level 15 in Armour
 23017 | Snake:2  | Found Danuy's Self-Improvement Boutique.
 23519 | Snake:3  | Found Ohaemean's Antique Weapon Shoppe.
 23637 | Snake:3  | Noticed a nagaraja
 23659 | Snake:3  | Killed a nagaraja
 23862 | Snake:3  | Identified the +3 buckler of the Sneaky Friends {rC+ Str+4
                  | Dex+2}
 24194 | Snake:4  | Entered Level 4 of the Snake Pit
 24738 | Snake:4  | Noticed a nagaraja
 24743 | Snake:4  | Killed a nagaraja
 25249 | Snake:4  | Noticed a nagaraja
 25263 | Snake:4  | Killed a nagaraja
 25297 | Snake:4  | Noticed Vashnia
 25311 | Snake:4  | Killed Vashnia
 25317 | Snake:4  | Reached XP level 17. HP: 82/120 MP: 15/26
 25863 | Snake:4  | Got a serpentine rune of Zot
 26123 | Swamp:1  | Entered Level 1 of the Swamp
 26144 | Swamp:1  | The Shining One protects you from harm!
 26797 | D:13     | Reached ****** piety under the Shining One
 26896 | D:13     | Found a gate to the Vaults.
 26942 | D:13     | Reached skill level 5 in Throwing
 27080 | D:14     | Found Iwec's Armour Emporium.
 27080 | D:14     | Found a transporter.
 27347 | D:14     | Noticed Rudyous's ghost (journeyman MiFi)
 27350 | D:14     | Noticed a tentacled starspawn
 27351 | D:14     | Found a transporter.
 27459 | D:15     | Entered Level 15 of the Dungeon
 27596 | D:15     | Noticed Kirke
 27606 | D:15     | Killed Kirke
 27635 | D:15     | Found a staircase to the Depths.
 27710 | D:15     | Noticed Josephine
 27716 | D:15     | Killed Josephine
 28769 | Lair:3   | Reached XP level 18. HP: 129/129 MP: 27/27
 29407 | Swamp:2  | Noticed Frances
 29422 | Swamp:2  | Killed Frances
 29423 | Swamp:2  | Lost mutation: You have a somewhat thin skeletal structure.
                  | (Dex +2, Stealth+) [potion of mutation]
 29423 | Swamp:2  | Lost mutation: Armour fits poorly on your strangely shaped
                  | body. [potion of mutation]
 29423 | Swamp:2  | Lost mutation: Your mind is acute. (Int +4, Str/Dex -1)
                  | [potion of mutation]
 29423 | Swamp:2  | Gained mutation: Your mind is acute. (Int +4, Str/Dex -1)
                  | [potion of mutation]
 29713 | Swamp:2  | Identified a scroll of acquirement
 29713 | Swamp:2  | Acquired a manual of Shields
 30122 | Elf:1    | Entered Level 1 of the Elven Halls
 30122 | Elf:1    | Found a runed translucent gate.
 30122 | Elf:1    | Found a runed translucent gate.
 30122 | Elf:1    | Found a runed translucent gate.
 30122 | Elf:1    | Found a runed translucent gate.
 30122 | Elf:1    | Found a runed translucent gate.
 30122 | Elf:1    | Found a runed translucent gate.
 30123 | Elf:1    | Found a runed translucent door.
 30150 | Elf:1    | Found a runed translucent door.
 30616 | Elf:1    | Found Tausomag's Weapon Emporium.
 30902 | Elf:2    | Noticed Aizul
 30918 | Elf:2    | Killed Aizul
 31078 | Elf:2    | Noticed a deep elf master archer
 31099 | Elf:2    | Killed a deep elf master archer
 31147 | Elf:2    | Found a huge runed translucent gate.
 31149 | Elf:2    | Found a huge runed translucent gate.
 31154 | Elf:2    | Found a huge runed translucent gate.
 31155 | Elf:2    | Found a huge runed translucent gate.
 31155 | Elf:2    | Found a huge runed translucent gate.
 31674 | Elf:2    | Paralysed by an air elemental for 1 turns
 31677 | Elf:2    | Paralysed by an air elemental for 1 turns
 31730 | Elf:2    | Noticed Roxanne
 32371 | Snake:2  | Bought a manual of Axes for 1440 gold pieces
 32635 | Elf:3    | Entered Level 3 of the Elven Halls
 32714 | Elf:3    | Reached XP level 19. HP: 108/139 MP: 28/28
 32747 | Elf:3    | Noticed a Brimstone Fiend
 33819 | Swamp:4  | Entered Level 4 of the Swamp
 34148 | Elf:1    | Bought a +2 heavy broad axe for 364 gold pieces
 34287 | Elf:3    | Reached skill level 5 in Shields
 34669 | Elf:3    | Identified the ring of the Vendetta {rN+ Will- Int+3}
 35370 | Abyss:2  | Cast into level 2 of the Abyss (a deep elf sorcerer)
 35374 | Elf:3    | Escaped the Abyss
 35893 | Elf:3    | Got Qech's Compilation of the Cumulonimbus and the Sun
 35946 | Elf:3    | Identified the +2 scale mail of Hysteria {rF+ Will- Dex+2
                  | Stlth+}
 36002 | Elf:3    | Got the Grimoire of Degeneration and Minerals
 36009 | Elf:3    | Got the Volume of the Boggart
 36231 | Elf:3    | Reached XP level 20. HP: 131/147 MP: 29/29
 37622 | Swamp:4  | Noticed the 27-headed Lernaean hydra
 37981 | Swamp:4  | Killed the 27-headed Lernaean hydra
 38060 | Swamp:4  | Got a decaying rune of Zot
 38388 | Vaults:1 | Entered Level 1 of the Vaults
 38508 | Vaults:1 | Found Cimn's Book Shoppe.
 38926 | Vaults:1 | Identified the ring "Okulih" {rN+ rCorr MP+9 SInv}
 39946 | Vaults:2 | Reached XP level 21. HP: 151/156 MP: 30/30
 40089 | Vaults:2 | Identified the +1 shortbow "Guprufamp" {flame, Str+4}
 40219 | Vaults:2 | Found Luridug's Book Shop.
 40694 | Vaults:2 | Found a staircase to the Crypt.
 41626 | Vaults:3 | Reached skill level 1 in Evocations
 42785 | Vaults:4 | Reached XP level 22. HP: 150/161 MP: 32/32
 43335 | Vaults:4 | Reached skill level 15 in Invocations
 43513 | Vaults:4 | Reached skill level 5 in Evocations
 43992 | Vaults:4 | Reached skill level 10 in Throwing
 44222 | Vaults:4 | Noticed a dread lich
 44232 | Vaults:4 | Killed a dread lich
 44890 | Depths:1 | Entered Level 1 of the Depths
 45158 | Depths:1 | Found a corrupted altar of Lugonu.
 45191 | Depths:1 | Found a shimmering blue altar of Sif Muna.
 45224 | Depths:1 | Found Ecaudd's Magic Scroll Emporium.
 45281 | Depths:1 | Found Byfemn's Magic Scroll Shoppe.
 45284 | Depths:1 | Bought a scroll of teleportation for 39 gold pieces
 45284 | Depths:1 | Bought a scroll of blinking for 97 gold pieces
 45290 | Depths:1 | Bought a scroll of teleportation for 42 gold pieces
 45290 | Depths:1 | Bought a scroll of enchant weapon for 105 gold pieces
 45290 | Depths:1 | Bought 3 scrolls of blinking for 315 gold pieces
 45290 | Depths:1 | Bought a scroll of teleportation for 42 gold pieces
 45518 | Depths:1 | Found a gateway to Hell.
 45785 | Depths:2 | Identified the +4 leather armour of Compression {rCorr
                  | Slay+4 SInv}
 46103 | Depths:2 | Noticed Margery
 46107 | Depths:2 | Killed Margery
 46376 | Depths:2 | Noticed a golden dragon
 46383 | Depths:2 | Killed a golden dragon
 46389 | Depths:2 | Reached skill level 5 in Dodging
 46389 | Depths:2 | Reached XP level 23. HP: 143/167 MP: 35/35
 46612 | Depths:2 | Noticed a golden dragon
 46627 | Depths:2 | Killed a golden dragon
 46944 | Depths:2 | Found a one-way gate leading to the halls of Pandemonium.
 47414 | Depths:3 | Found a one-way gateway to a ziggurat.
 48204 | Depths:4 | Entered Level 4 of the Depths
 48316 | Depths:4 | Noticed a caustic shrike
 48318 | Depths:4 | Noticed a caustic shrike
 48319 | Depths:4 | Noticed a caustic shrike
 48319 | Depths:4 | Noticed a caustic shrike
 48328 | Depths:4 | Killed a caustic shrike
 48329 | Depths:4 | Killed a caustic shrike
 48329 | Depths:4 | Killed a caustic shrike
 48342 | Depths:4 | Killed a caustic shrike
 48505 | Depths:4 | Found Guan's Weapon Emporium.
 48548 | Depths:4 | Identified the +5 chain mail of Duck's Teeth {rPois Will+}
 48853 | Depths:4 | Identified the +5 scale mail "Sintuts" {+Blink rPois Str-2
                  | Slay+5}
 48953 | Depths:4 | Found a gate to the Realm of Zot.
 48993 | Depths:4 | Found a shadowy altar of Dithmenos.
 49017 | Depths:4 | Reached XP level 24. HP: 168/174 MP: 35/35
 49504 | Crypt:1  | Entered Level 1 of the Crypt
 49680 | Crypt:1  | Noticed an ancient lich
 49695 | Crypt:1  | Killed an ancient lich
 49802 | Crypt:1  | Noticed Zenata
 49828 | Crypt:1  | Killed Zenata
 50628 | Crypt:2  | Reached skill level 10 in Dodging
 50960 | Crypt:3  | Entered Level 3 of the Crypt
 51077 | Crypt:3  | Found a magical portal.
 51091 | WizLab   | Entered Yara's Duelist Academy
 51297 | WizLab   | Noticed Veghiw
 51302 | WizLab   | Killed Veghiw the Head Instructor
 51303 | WizLab   | Reached skill level 10 in Shields
 51482 | WizLab   | Got Yara's Precepts of Hexes
 51800 | Crypt:3  | Found a staircase to the Tomb.
 51907 | Crypt:3  | Reached skill level 15 in Shields
 51966 | Crypt:3  | Found a basalt altar of Yredelemnul.
 52523 | Crypt:3  | Reached XP level 25. HP: 173/181 MP: 35/35
 52555 | Crypt:3  | Identified the +1 shortbow of the Extremes {speed, Str+5
                  | Stlth+}
 52627 | Crypt:3  | Paralysed by a vampire knight for 2 turns
 52731 | Crypt:3  | Identified the +5 broad axe of Xanur {spect, Drain +Blink
                  | Fly Will-}
 53027 | Vaults:5 | Entered Level 5 of the Vaults
 53274 | Vaults:5 | Noticed a dread lich
 53298 | Vaults:5 | Killed a dread lich
 53448 | Vaults:5 | Identified the +6 battleaxe of Subterfuge {vamp, Fragile
                  | rPois rC- rN++}
 53508 | Vaults:5 | Identified the +2 leather armour of Fallacy {rC+}
 53508 | Vaults:5 | Identified the ring of Vuatoff {Fire rN+ Str+5 Int-4}
 53520 | Vaults:5 | Identified the +16 crystal plate armour of Tenacity {Str-4
                  | Int+4 SInv}
 53540 | Vaults:5 | Got a silver rune of Zot
 53945 | Vaults:5 | Noticed a dread lich
 53958 | Vaults:5 | Killed a dread lich
 54063 | Vaults:5 | Got Guaced's Vellum of Wanderlust and Reformation
 54173 | Vaults:5 | Noticed an ancient lich
 54184 | Vaults:5 | Killed an ancient lich
 54241 | Vaults:5 | Found the +8 arc blade {discharge, rElec}
 54263 | Vaults:5 | Noticed a dread lich
 54277 | Vaults:5 | Killed a dread lich
 54299 | Vaults:5 | Noticed a dread lich
 54307 | Vaults:5 | Killed a dread lich
 54308 | Vaults:5 | Reached XP level 26. HP: 190/190 MP: 35/35
 54518 | Vaults:5 | Found Gumov's Magic Scroll Boutique.
 54523 | Vaults:5 | Bought a scroll of blinking for 142 gold pieces
 54523 | Vaults:5 | Bought a scroll of teleportation for 57 gold pieces
 54523 | Vaults:5 | Bought a scroll of teleportation for 57 gold pieces
 54579 | Vaults:5 | Found Ubiklur's Magic Scroll Emporium.
 54591 | Vaults:5 | Found Soolaege's Distillery.
 54593 | Vaults:5 | Identified the +1 scale mail "Pidgh" {Dex+3}
 55572 | Zot:1    | Entered Level 1 of the Realm of Zot
 55896 | Zot:1    | Identified the +5 great sword "Uhacaforr" {heavy, Will+
                  | Str+4 Dex+3}
 57082 | Zot:2    | Reached skill level 27 in Fighting
 57082 | Zot:2    | Reached skill level 27 in Armour
 57320 | Zot:2    | Found the +4 dragonskin cloak
 57320 | Zot:2    | Noticed Tiamat
 57843 | Zot:2    | Killed Tiamat
 58480 | Zot:3    | Reached XP level 27. HP: 190/199 MP: 35/35
 58868 | Zot:3    | Reached skill level 10 in Evocations
 59757 | Hell     | Entered the Vestibule of Hell
 59757 | Hell     | Noticed Geryon
 59776 | Hell     | Noticed Murray
 59799 | Depths:1 | Killed Murray
 60050 | Hell     | Killed Geryon
 60135 | Hell     | Found a gateway to the Iron City of Dis.
 60357 | Zot:3    | Found a runed translucent door.
 60357 | Zot:3    | Noticed Qaniympis's ghost (veteran DgEE)
 62096 | Zot:5    | Entered Level 5 of the Realm of Zot
 62679 | Zot:5    | Noticed an ancient lich
 62681 | Zot:5    | Noticed an orb of fire
 62682 | Zot:5    | Noticed an orb of fire
 62683 | Zot:5    | Noticed an orb of fire
 62684 | Zot:5    | Noticed an orb of fire
 62687 | Zot:5    | Noticed an orb of fire
 62693 | Zot:5    | Killed an ancient lich
 62693 | Zot:5    | Noticed an ancient lich
 62694 | Zot:5    | Gained mutation: You are frail. (-10% HP) [an orb of fire]
 62697 | Zot:5    | Killed an orb of fire
 62698 | Zot:5    | Noticed an orb of fire
 62700 | Zot:5    | Noticed a dread lich
 62702 | Zot:5    | Noticed an orb of fire
 62705 | Zot:5    | Killed an orb of fire
 62706 | Zot:5    | Killed an orb of fire
 63247 | Zot:5    | Gained mutation: Potions are less effective at restoring
                  | your health. [an orb of fire]
 63250 | Zot:5    | Killed an orb of fire
 63254 | Zot:5    | Gained mutation: You are very frail. (-20% HP) [an orb of
                  | fire]
 63258 | Zot:5    | Killed an orb of fire
 63259 | Zot:5    | Lost mutation: You are very frail. (-20% HP) [potion of
                  | mutation]
 63259 | Zot:5    | Lost mutation: You are frail. (-10% HP) [potion of
                  | mutation]
 63259 | Zot:5    | Lost mutation: Your mind is acute. (Int +4, Str/Dex -1)
                  | [potion of mutation]
 63259 | Zot:5    | Gained mutation: Armour fits poorly on your strangely
                  | shaped body. [potion of mutation]
 63259 | Zot:5    | Gained mutation: You have a somewhat thin skeletal
                  | structure. (Dex +2, Stealth+) [potion of mutation]
 63259 | Zot:5    | Gained mutation: You are agile. (Dex +4, Str/Int -1)
                  | [potion of mutation]
 63259 | Zot:5    | Gained mutation: You are partially covered in iridescent
                  | scales. (AC +2) [potion of mutation]
 63260 | Zot:5    | Lost mutation: Armour fits poorly on your strangely shaped
                  | body. [potion of mutation]
 63260 | Zot:5    | Lost mutation: You are agile. (Dex +4, Str/Int -1) [potion
                  | of mutation]
 63260 | Zot:5    | Lost mutation: Potions are less effective at restoring your
                  | health. [potion of mutation]
 63260 | Zot:5    | Gained mutation: Your body sometimes deteriorates upon
                  | taking damage. [potion of mutation]
 63260 | Zot:5    | Gained mutation: You are vulnerable to cold. (rC-) [potion
                  | of mutation]
 63260 | Zot:5    | Gained mutation: You are vulnerable to heat. (rF-) [potion
                  | of mutation]
 63260 | Zot:5    | Gained mutation: You are covered in fur. (AC +1) [potion of
                  | mutation]
 63261 | Zot:5    | Lost mutation: You are partially covered in iridescent
                  | scales. (AC +2) [potion of mutation]
 63261 | Zot:5    | Lost mutation: You have a somewhat thin skeletal structure.
                  | (Dex +2, Stealth+) [potion of mutation]
 63261 | Zot:5    | Gained mutation: You are somewhat resistant to further
                  | mutation. [potion of mutation]
 63262 | Zot:5    | Lost mutation: You are vulnerable to cold. (rC-) [potion of
                  | mutation]
 63262 | Zot:5    | Lost mutation: You are somewhat resistant to further
                  | mutation. [potion of mutation]
 63262 | Zot:5    | Gained mutation: You are weak. (Str -2) [potion of
                  | mutation]
 63263 | Zot:5    | Lost mutation: You are vulnerable to heat. (rF-) [potion of
                  | mutation]
 63263 | Zot:5    | Lost mutation: Your body sometimes deteriorates upon taking
                  | damage. [potion of mutation]
 63263 | Zot:5    | Lost mutation: You are weak. (Str -2) [potion of mutation]
 63263 | Zot:5    | Gained mutation: Your muscles are strong. (Str +4, Int/Dex
                  | -1) [potion of mutation]
 63263 | Zot:5    | Gained mutation: You are partially covered in iridescent
                  | scales. (AC +2) [potion of mutation]
 63298 | Zot:5    | Killed a dread lich
 63378 | Zot:5    | Gained mutation: You are clumsy. (Dex -2) [an orb of fire]
 63385 | Zot:5    | Killed an orb of fire
 63397 | Zot:5    | Killed an orb of fire
 63839 | Zot:5    | Killed an ancient lich
 64756 | Zot:5    | Got the Orb of Zot
 65047 | D:14     | Noticed Umoigomm the pandemonium lord
 65321 | D:1      | Noticed Huckoatu the pandemonium lord
 65332 | D:1      | Killed Huckoatu the pandemonium lord
 65347 | D:$      | Escaped with the Orb!

Illustrated notes

Levels and vault maps discovered:
D:1:      doesnt_arrival_eight_statues, layout_loops_corners,
          skrybe_limestone_x, hangedman_decor_opposing, hex_tiny, minmay_vboxes
D:2:      layout_basic, serial_bayou, serial_bayou_pond_c, serial_bayou_shore_b,
          serial_bayou_shore_b, serial_bayou_pond_a, fountainhead
D:3:      layout_loops_ring, serial_shops, nicolae_shop_advertising_works
          [nicolae_subvault_shop_adworks]
D:4:      layout_cave_pools, gammafunk_ghost_gnarly_gnolls, uniq_eustachio
D:5:      layout_loops_ring, minmay_temple_entry_waves
D:6:      layout_basic, old_standard_altar, uniq_grinder
D:7:      layout_rooms, ebering_ghost_rock_garden, serial_shops, shop,
          grunt_decor_one_mirror, mrwooster_statue_mirror, uniq_prince_ribbit1
D:8:      layout_cave_pools
D:9:      layout_roguey, erik_lair_orcish_takeover, ebering_ghost_xom,
          serial_shops, shop, kennysheep_generic_room_13, uniq_maurice
D:10:     layout_stronghold, chequers_serial_rivers_small_3, uniq_joseph
D:11:     layout_roguey
D:12:     layout_rooms, hangedman_decor_points, chequers_mini_garden,
          corner_web_ring, kb_lookout_dungeons_type
D:13:     layout_rooms, erik_vaults_2
D:14:     nicolae_whirlpool, layout_rooms, gammafunk_ghost_abyssal_escape,
          serial_shops, shop
D:15:     grunt_enter_depths_hoard, layout_long_grid, minivault_4, uniq_kirke,
          uniq_josephine
Temple:   compressed_dpeg_circular_temple
Lair:1:   layout_small_grid, serial_bayou_shore_b, grunt_megastairs_4
Lair:2:   layout_cave_pods, dummy_snake_entry, uniq_sonja
Lair:3:   layout_hall_layers, swamp_mist, uniq_urug
Lair:4:   layout_loops_ring, ebering_ghost_xom, kennysheep_abandoned_house
Lair:5:   hellmonk_lair_end_abyssal_woods, layout_misc_corridors, slime_entry_1,
          lemuel_fruit_fields, infiniplex_staircase_pool_2
Swamp:1:  layout_basic_swamp, serial_swamp_ruin, evilmike_swamp_ruin_house_1,
          evilmike_swamp_ruin_house_3, hangedman_swamp_ruin_wall
Swamp:2:  layout_basic_swamp, hangedman_swamp_ruin_hall, uniq_frances
Swamp:3:  layout_basic_swamp, evilmike_swamp_ruin_house_4
Swamp:4:  grunt_swamp_rune_castle, layout_basic_swamp
Snake:1:  layout_basic
Snake:2:  layout_concentric_octagons, nicolae_shop_self_help
Snake:3:  layout_cave_town, serial_shops, shop, grunt_ministairs_6
Snake:4:  johnstein_snake_rune_scales, layout_layer_cave, grunt_megastairs_1
Orc:1:    layout_diamond_mine
Orc:2:    st_orc_open, layout_caves, hellmonk_ghost_happy_afterlife,
          mines4_lemuel
Elf:1:    nicolae_elf_arrival_dilemma, layout_rooms, serial_shops,
          nicolae_shop_trees, minmay_elf_necromancy, grunt_megastairs_3
Elf:2:    elven_hall_of_blades_hangedman_alternative
          [nicolae_vaults_blade_armed_guards], layout_onion_city, drop_trap,
          fountainhead, nicolae_elf_archery_training, uniq_aizul, uniq_roxanne,
          uniq_donald
Elf:3:    minmay_elf_hall_golems, layout_loops_corners, minivault_20
Vaults:1: nicolae_vaults_big_angled_halls, nicolae_vaults_network_periphery,
          hangedman_vaults_hard_town_square, ontoclasm_vaults_idyll, v_misc_15,
          vaults_room_pools, grunt_vaults_diagonal,
          ontoclasm_vaults_decontamination, vaults_dpeg_diagonal, v_misc_11,
          vaults_room_stairs_pillars, vaults_room_pool, v_misc_14,
          layout_vaults_omnibox, serial_shops, nicolae_diamond_shop
Vaults:2: nicolae_vaults_quartermaster, nicolae_vaults_little_ls, v_misc_9,
          hangedman_vaults_impose, minmay_crypt_entry_skeletal_spiral,
          nicolae_vaults_angled_halls, vaults_room_fours,
          nicolae_vaults_little_squares_1, nicolae_vaults_theta,
          layout_vaults_quadrants, serial_shops, nicolae_shop_behind_doors
Vaults:3: v_pattern_3, hangedman_vaults_nails, hangedman_vaults_pinch,
          ontoclasm_vaults_chip, vaults_dpeg_cross, v_misc_2,
          hangedman_vaults_locks, vaults_room_hallway,
          layout_vaults_chaotic_city
Vaults:4: v_rooms_3, ontoclasm_vaults_eye, vaults_dpeg_spiral,
          vaults_room_fours, hangedman_vaults_variations,
          nicolae_vaults_triangles, nicolae_vaults_shelves_hall,
          hangedman_vaults_stagger, st_check, ontoclasm_vaults_pinch,
          nicolae_vaults_little_squares_2, ontoclasm_vaults_loading_screen,
          nicolae_vaults_angled_halls, layout_vaults_omnicross
Vaults:5
Crypt:1:  layout_misc_corridors, uniq_zenata
Crypt:2:  layout_regular_city, minivault_4, glass_columns_a,
          minmay_strange_pillars, grunt_megastairs_5
Crypt:3:  church_of_pain_bobbens, layout_chaotic_city,
          infiniplex_enter_wizlab_spiral, nicolae_fountain_basement
Depths:1: layout_roguey, pf_hell_entry_great_geh, abyss_entry_flame_altar,
          minmay_misc_feat_doors, tgw_sif, minmay_shoptagon
Depths:2: minmay_spiral_squares, layout_honeycomb, hangedman_abyss_entry_splay,
          grunt_metal_band, pan_entry, hangedman_abyss_or_decor_passed,
          small_statue_intersection
Depths:3: kennysheep_cluttered_fort, layout_gridlike, enter_ziggurat_f,
          grunt_hell_entry_dis_grunt, minmay_room_of_horrors,
          grunt_decor_junction, evilmike_butchery
Depths:4: grunt_zot_entry_gee_three, layout_cave_pools, hellmouth_1,
          hangedman_decor_lopped, pan_entry, serial_shops, shop,
          nicolae_dithmenos_through_a_glass_darkly
Hell
Zot:1:    kennysheep_spiral_hall, layout_gridlike
Zot:2:    layout_cathedral_of_symmetry, grunt_ministairs_10, uniq_josephina,
          uniq_tiamat
Zot:3:    ebering_greatest_show_in_zot, layout_basic, ebering_ghost_inner_flame
Zot:4:    layout_cathedral_of_symmetry, st_stairs_8
Zot:5:    layout_gridlike, grunt_ministairs_2

Skill      XL: |  1  2  3  4  5  6  7  8  9 10 11 12 13 14 15 16 17 18 19 20 21 22 23 24 25 26 27 |
---------------+----------------------------------------------------------------------------------+-----
Axes           | 2 3 4 5 8 9 11 12 13 14 15 16 17 19 | 19.9
Maces & Flails | 1 2 |  2.4
Fighting       | 4 5 6 7 8 9 11 12 14 16 17 18 19 21 22 24 25 26 27 | 27.0
Armour         | 4 5 7 9 10 11 12 14 17 19 20 22 24 25 26 27 | 27.0
Shields        | 4 6 16 18 22 | 22.0
Invocations    | 2 4 6 8 10 12 13 14 16 17 19 | 19.1
Throwing       | 2 4 6 8 11 12 13 14 | 14.0
Dodging        | 2 3 4 5 9 10 12 | 12.0
Evocations     | 3 7 8 9 10 | 10.0

Action                     |  1- 3 |  4- 6 |  7- 9 | 10-12 | 13-15 | 16-18 | 19-21 | 22-24 | 25-27 || total
---------------------------+-------+-------+-------+-------+-------+-------+-------+-------+-------++-------
  Melee: War axe           |    11 |       |       |   361 |   915 |  1122 |   137 |       |       ||  2546
         Whip              |    89 |    40 |     8 |    10 |    25 |    25 |    79 |       |       ||   276
         Hand axe          |       |   103 |   177 |   146 |       |       |       |       |       ||   426
         Unarmed           |       |       |       |       |     5 |       |       |       |     1 ||     6
         Broad axe         |       |       |       |       |       |       |   758 |  1292 |  1542 ||  3592
  Throw: Stone             |    12 |    25 |     6 |     5 |    23 |       |       |       |       ||    71
         Boomerang         |       |     7 |       |    12 |    15 |    78 |    60 |    12 |    35 ||   219
         Dart              |       |     6 |     6 |     6 |     2 |     8 |       |       |       ||    28
         Javelin           |       |       |       |       |       |       |     3 |       |    10 ||    13
 Invoke: Divine Shield     |       |       |       |     3 |     8 |    18 |     9 |     7 |    13 ||    58
         Summon Divine War |       |       |       |       |       |     1 |     1 |       |     4 ||     6
         Cleansing Flame   |       |       |       |       |       |       |       |     2 |     5 ||     7
  Evoke: Wand              |       |       |       |     2 |     1 |       |     1 |     5 |     1 ||    10
         Tin of tremorston |       |       |       |       |       |       |     2 |     2 |     5 ||     9
         Phantom mirror    |       |       |       |       |       |       |       |     4 |     2 ||     6
         Lightning rod     |       |       |       |       |       |       |       |       |     3 ||     3
    Use: Potion            |       |     5 |       |     5 |     8 |     7 |     2 |       |    25 ||    52
         Scroll            |       |     8 |     6 |     6 |    13 |     4 |     5 |     5 |    11 ||    58
   Stab: Sleeping          |       |       |     1 |       |       |       |       |       |       ||     1
 Armour: Scale mail        |    47 |    92 |    85 |   126 |       |       |       |       |       ||   350
         Chain mail        |       |       |       |   215 |   606 |   676 |   895 |   211 |       ||  2603
         Fire dragon scale |       |       |       |       |       |       |       |   733 |   182 ||   915
         Crystal plate arm |       |       |       |       |       |       |       |       |  1680 ||  1680
         Skin              |       |       |       |       |       |       |       |       |     7 ||     7
  Dodge: Dodged            |    49 |    63 |    75 |   178 |   285 |   334 |   375 |   547 |   850 ||  2756
  Block: Buckler           |    17 |    31 |    37 |   138 |   296 |   475 |   424 |   568 |  1157 ||  3143

Table legend: (Time is in decaauts)
 A = Elapsed time spent in this place.
 B = Non-inter-level travel time spent in this place.
 C = Inter-level travel time spent in this place.
 D = Time resting spent in this place.
 E = Time spent auto-exploring this place.
 F = Levels seen in this place.
 G = Mean time per level.
                   A        B        C        D        E       F      G
               +--------+--------+--------+--------+--------+-----+--------+
         Total |  64965 |  56761 |   8204 |   6021 |  35926 |  54 | 1203.1 |
       Dungeon |  14857 |  12135 |   2722 |    502 |   9173 |  15 |  990.5 |
        Temple |    156 |    111 |     45 |      0 |     65 |   1 |  156.0 |
          Lair |   9015 |   7667 |   1348 |   1159 |   4818 |   5 | 1803.0 |
         Swamp |   3292 |   3022 |    270 |    422 |   1594 |   4 |  823.0 |
     Snake Pit |   5586 |   5144 |    442 |    278 |   3654 |   4 | 1396.5 |
  Orcish Mines |   1450 |   1180 |    270 |     46 |    833 |   2 |  725.0 |
   Elven Halls |   4907 |   4385 |    522 |   1079 |   2119 |   3 | 1635.7 |
        Vaults |   8625 |   7568 |   1057 |    486 |   5004 |   5 | 1725.0 |
         Crypt |   2859 |   2661 |    198 |     61 |   1611 |   3 |  953.0 |
        Depths |   5439 |   4501 |    938 |    349 |   2908 |   4 | 1359.8 |
          Hell |    236 |    227 |      9 |      4 |     38 |   1 |  236.0 |
           Zot |   8016 |   7638 |    378 |   1555 |   3867 |   5 | 1603.2 |
         Abyss |      3 |      3 |      0 |      0 |      0 |   1 |    3.0 |
        Wizlab |    517 |    517 |      0 |     77 |    239 |   1 |  517.0 |
               +--------+--------+--------+--------+--------+-----+--------+

Top non-repeatable levels by time:
   Elf:3: 2481 daAuts
   Zot:5: 2473 daAuts
  Lair:3: 1992 daAuts
  Lair:5: 1968 daAuts
Vaults:2: 1952 daAuts
Vaults:5: 1903 daAuts
  Lair:2: 1880 daAuts
Depths:2: 1879 daAuts
  Lair:1: 1825 daAuts
Vaults:4: 1824 daAuts
 Snake:4: 1714 daAuts
Vaults:3: 1635 daAuts
 Snake:1: 1545 daAuts
   Zot:4: 1523 daAuts
     D:9: 1514 daAuts
